cohdb
Replays
Latest Replays
All Replays
Popular Replays
Top Player Replays
Match Explorer
How It Works
Community
CoH3 Stats
Reddit
Sign in to upload your games and track your stats! →
Sign in with Steam
Match 39782041
Unlisted
Match 39782041
Overview
Messages
Build Orders
End
Engineer Squad
Construct Weapon Support Center
M1919 Machine Gun Team
Engineer Squad
M1919 Machine Gun Team
Mechanized Support Center
M3 Armored Personnel Carrier
Engineer Squad
Selects Heavy Weapons
Selects Heavy Weapons
Selects M2HB .50cal Heavy Machine Gun
Engineer Squad
Bazooka Squad
Bazooka Squad
Construct Tank Depot
M1919 Machine Gun Team
Selects Rapid Reposition
Selects Assault Carriers
Designate Forward Repair Station
M4A1 Sherman Medium Tank
Selects Exchangeable Parts
Construct Medical Station
Designate Forward Repair Station
Rapid Repairs
Bazooka Squad
Selects Black Dragon Artillery Barrage
圆头耄耋哈气中
secyde
matjouz
Sarmynation
0
0
Comments
sign in to comment!
No comments posted yet!